 Dungeon Crawl Stone Soup version 0.20.1-1-g8b1a95d (webtiles) character file.

56 daodarkstar the Charmwright (level 3, 0/28 HPs)
             Began as a Demonspawn Skald on July 25, 2017.
             Succumbed to an adder's poison
             ... on level 1 of the Dungeon.
             The game lasted 00:07:12 (1577 turns).

daodarkstar the Charmwright (Demonspawn Skald)      Turns: 1577, Time: 00:07:13

Health: 0/28       AC:  3    Str: 11    XL:     3   Next: 71%
Magic:  6/6        EV: 11    Int: 14    God:
Gold:   29         SH:  3    Dex: 13    Spells: 1/6 levels left

rFire    . . .     SeeInvis .   a - +0 hand axe
rCold    . . .     Gourm    .   f - +0 buckler
rNeg     . . .     Faith    .   b - +0 leather armour
rPois    .         Spirit   .   (helmet restricted)
rElec    .         Reflect  .   (no cloak)
rCorr    .         Harm     .   (no gloves)
MR       .....                  (no boots)
Stlth    +.........             (no amulet)
Regen    0.1/turn               (no ring)
MPRegen  0.1/turn               (no ring)

@: lethally poisoned (0 -> -7), hasted, very quick
A: antennae 1
a: no special abilities


You were on level 1 of the Dungeon.
You were not hungry.

You visited 1 branch of the dungeon, and saw 2 of its levels.

You collected 29 gold pieces.

Inventory:

Hand Weapons
 a - a +0 hand axe (weapon)
 g - a +0 dagger of venom
Missiles
 i - 37 stones (quivered)
Armour
 b - a +0 leather armour (worn)
 f - a +0 buckler (worn)
Scrolls
 h - a scroll of enchant weapon {unknown}
Potions
 e - a potion of haste
 k - a potion of might {unknown}
Books
 c - a book of Battle

   Spells                             Type                      Level
   a - Infusion                       Charms                       1
   b - Shroud of Golubria             Charms/Translocation         2
   c - Song of Slaying                Charms                       2
   d - Spectral Weapon                Hexes/Charms                 3
   e - Regeneration                   Charms/Necromancy            3
Comestibles
 d - a bread ration


   Skills:
 + Level 2.4 Fighting
 * Level 2.4 Axes
 - Level 1.0 Armour
 + Level 2.2 Dodging
 + Level 2.2 Spellcasting
 + Level 3.0 Charms


You had one spell level left.
You knew the following spells:

 Your Spells              Type           Power        Failure   Level  Hunger
a - Infusion              Chrm           ##..         14%         1    #......
b - Shroud of Golubria    Chrm/Tloc      #.........   38%         2    ###....
c - Song of Slaying       Chrm           ##......     22%         2    ###....


Dungeon Overview and Level Annotations

Branches:
Dungeon (2/15)

Altars:


Innate Abilities, Weirdness & Mutations

You have a pair of small antennae on your head.


Message History

The adder is heavily wounded.
The adder barely misses you.
Your magical contamination has completely faded away.
You hit the adder.
The adder is almost dead.
* * * LOW HITPOINT WARNING * * *
You feel sick. The adder misses you.
Your shield prevents you from hitting the adder.
The adder is almost dead.
The adder closely misses you.
You barely miss the adder.
The adder is almost dead.
The adder bites you.
* * * LOW HITPOINT WARNING * * *
You are more poisoned.
The adder poisons you!
You slash the adder!
You kill the adder!
Your Charms skill increases to level 3!
You die...

#.#
####.#...)......#
#.# #............#
..# ###..........#
.## #####.#########
.### #.....# ...###
#.##########
.#.[.####.# ###...#
..........####.....#
..#######.##...#@..#
..# ##....###.).#
..######.....###.###
...)รท....##...>.>#
)##########......#
.## #......# ..##
#......# ...##
#......# .#..#
#......#


There were no monsters in sight!

Vanquished Creatures
  2 adders
  An ooze (D:1)
  A worm (D:2)
  A dart slug (D:1)
  A leopard gecko (D:1)
  4 bats (D:1)
  2 giant cockroaches (D:1)
  6 goblins (D:1)
  3 hobgoblins (D:1)
  2 frilled lizards (D:1)
  3 kobolds (D:1)
  2 rats (D:1)
28 creatures vanquished.

Notes
Turn   | Place    | Note
-------+----------+-------------------------------------------
     0 | D:1      | daodarkstar the Demonspawn Skald began the quest for the Orb.
     0 | D:1      | Reached XP level 1. HP: 16/16 MP: 3/3
   206 | D:1      | Gained mutation: You have a pair of small antennae on your head. [demonic ancestry]
   206 | D:1      | Reached XP level 2. HP: 11/22 MP: 5/5
   216 | D:1      | HP: 1/22 [leopard gecko (1)]
   596 | D:1      | Reached skill level 1 in Armour
  1012 | D:1      | Reached XP level 3. HP: 28/28 MP: 6/6
  1034 | D:1      | Learned a level 2 spell: Shroud of Golubria
  1037 | D:1      | Learned a level 2 spell: Song of Slaying
  1576 | D:1      | HP: 1/28 [adder (1)]
  1577 | D:1      | Reached skill level 3 in Charms
  1577 | D:1      | Succumbed to an adder's poison

Skill      XL: |  1  2  3 |
---------------+----------+-----
Axes           | 2 |  2.4
Armour         | 1 |  1.0
Dodging        | 2 |  2.2
Charms         | 3 |  3.0
Fighting       | |  2.4
Spellcasting   | |  2.2

Action                   || total
-------------------------++-------
Melee: Hand axe          ||   128
Throw: Stone             ||     8
 Cast: Shroud of Golubri ||     1
  Use: Scroll            ||     4
       Potion            ||     1
  Eat: Chunk             ||     2
Armor: Leather armour    ||    42
Dodge: Dodged            ||    81
Block: Buckler           ||    19
